 Dungeon Crawl Stone Soup version 0.20-a0-1122-gb7cbeb9 (webtiles) character file.

55 tinyrick the Covered (level 4, 0/37 HPs)
             Began as a Formicid Fighter on May 11, 2017.
             Succumbed to an adder's poison
             ... on level 2 of the Dungeon.
             The game lasted 00:02:41 (920 turns).

tinyrick the Covered (Formicid Fighter)              Turns: 920, Time: 00:02:41

Health: 0/37       AC:  7    Str: 20    XL:     4   Next: 14%
Magic:  4/4        EV:  8    Int:  8    God:
Gold:   89         SH:  9    Dex: 11    Spells: 3/3 levels left

rFire    + . .     SeeInvis +   a - +0 war axe
rCold    + . .     Gourm    .   c - +0 shield
rNeg     . . .     Faith    .   b - +0 scale mail
rPois    +         Spirit   +   (helmet unavailable)
rElec    +         Reflect  .   e - scarf {Spirit}
rCorr    +         Harm     .   (no gloves)
MR       .....                  (no boots)
Stlth    ..........             (no amulet)
Regen    0.2/turn               (no ring)
MPRegen  0.1/turn               (no ring)

@: lethally poisoned (0 -> -1), resistant, flying
A: permanent stasis, dig shafts and tunnels, four strong arms, antennae 3
a: Dig, Shaft Self


You were on level 2 of the Dungeon.
You were not hungry.

You visited 1 branch of the dungeon, and saw 2 of its levels.

You collected 89 gold pieces.

Inventory:

Hand Weapons
 a - a +0 war axe (weapon)
Armour
 b - a +0 scale mail (worn)
 c - a +0 shield (worn)
 e - a scarf of spirit shield (worn)
Scrolls
 g - a scroll of remove curse {unknown}
 i - 2 scrolls of teleportation {unknown}
 j - a scroll of identify {unknown}
 k - a scroll of amnesia {unknown}
 o - a scroll of fog {unknown}
Potions
 d - a potion of might
 l - a potion of lignification {unknown}
Comestibles
 f - 3 bread rations
 h - a royal jelly


   Skills:
 + Level 3.7 Fighting
 + Level 2.8 Axes
 + Level 4.0 Armour
 + Level 0.1 Dodging
 + Level 3.9 Shields


You had 3 spell levels left.
You didn't know any spells.

Dungeon Overview and Level Annotations

Branches:
Dungeon (2/15)

Altars:


Innate Abilities, Weirdness & Mutations

You cannot be hasted, slowed, berserked, paralysed or teleported.
You can dig through walls and to a lower floor.
Your four strong arms can wield two-handed weapons with a shield.
You have a pair of large antennae on your head. (SInv)


Message History

You feel sick.
* * * LOW HITPOINT WARNING * * *
You feel sick.
* * * LOW HITPOINT WARNING * * *
You feel sick.
* * * LOW HITPOINT WARNING * * *
You feel sick.
* * * LOW HITPOINT WARNING * * *
You feel sick.
You see here a bat corpse.
* * * LOW HITPOINT WARNING * * *
You feel sick.
It was a potion of flight.
You feel very buoyant.
You fly up into the air.
It was a potion of resistance.
You feel protected.
* * * LOW HITPOINT WARNING * * *
You feel sick.
You die...

......†# #.# .#####.# #.# {
..######## .#####(####.###
#.........
..............##########......<..
.....)................##.########
.........###..##### #.##.#
##..##.#.###..# ##.##.#
..........##..######...#.#
.#..##.#........@.....>.(######
.#†.##.......†#.##...†...#.....
#..##.#..###.#.##..#.#....#
#..##.#..###.#.##......#..#
#.....#....#.#.###.#.#....#
#............#.# #...†..#.#
#.#####..#.###.# ###.##.#.# #.#
#..#.# #.# #.##.#.# {#.# #..#.#
#.# #.##.#.#


There were no monsters in sight!

Vanquished Creatures
  An adder (D:2)
  A dart slug (D:1)
  3 leopard geckos
  2 giant cockroaches (D:1)
  9 goblins
  7 hobgoblins
  3 jackals (D:1)
  4 bats
  2 frilled lizards (D:2)
  A kobold (D:1)
  5 rats
38 creatures vanquished.

Notes
Turn   | Place    | Note
-------+----------+-------------------------------------------
     0 | D:1      | tinyrick the Formicid Fighter began the quest for the Orb.
     0 | D:1      | Reached XP level 1. HP: 18/18 MP: 1/1
    26 | D:1      | Reached XP level 2. HP: 20/24 MP: 2/2
   160 | D:1      | Reached XP level 3. HP: 16/29 MP: 3/3
   893 | D:2      | Reached skill level 4 in Armour
   893 | D:2      | Reached XP level 4. HP: 8/37 MP: 2/4
   912 | D:2      | HP: 1/37 [poisoned by an adder]
   920 | D:2      | Succumbed to an adder's poison

Vault maps used:
D:1:      sevenhm_arrival_forest_fort_small_3
D:2:      lemuel_coloured_pillars_altar, minmay_tripent

Skill      XL: |  1  2  3 |
---------------+----------+-----
Armour         | 4 |  4.0
Fighting       | |  3.7
Axes           | |  2.8
Dodging        | |  0.1
Shields        | |  3.9

Action                   |  1- 3 |  4- 6 || total
-------------------------+-------+-------++-------
Melee: War axe           |   120 |       ||   120
  Use: Potion            |       |     2 ||     2
Armor: Scale mail        |    62 |       ||    62
Dodge: Dodged            |    55 |       ||    55
Block: Shield            |    66 |       ||    66
